AoeStats
← -Luxo-

Arena

503801946Analyzed
1v1 RM · 1mo ago on Sep 2, 2026· 39m 11s· 2 players
Game mode
Random Map
Map size
Tiny (2 player)
Population
200
Speed
Normal
Resources
Standard
Victory
Conquest
Starting age
Dark Age
Ending age
Imperial Age
RankedLock teamsTeams togetherTeam positionsShared explorationLock speedFull tech treeHidden civsTurbo modeCheats
Victory
Defeat
🇩🇪 Cumans · Germany
979
+15
🇩🇪 Teutons · Germany
951
-15
-Luxo-
9:03 Loom
12:55 Feudal Age
14:22 Wheelbarrow
13:30 Horse Collar
13:37 Double-Bit Axe
21:00 Castle Age
19:22 Stone Mining
19:25 Gold Mining
19:44 Fletching
22:54 Heavy Plow
23:09 Bow Saw
24:47 Pikeman
25:30 Squires
29:47 Stone Shaft Mining
33:21 Hand Cart
34:15 Town Watch
gametuete
9:23 Feudal Age
8:29 Loom
10:56 Double-Bit Axe
13:42 Wheelbarrow
14:27 Horse Collar
20:24 Bloodlines
20:44 Scale Barding Armor
22:11 Forging
25:42 Castle Age
25:33 Stone Mining
25:34 Gold Mining
27:06 Hand Cart
26:29 Light Cavalry
27:00 Fletching
27:13 Padded Archer Armor
29:14 Bow Saw
29:06 Heavy Plow
29:44 Gold Shaft Mining
31:48 Ballistics
31:25 Bodkin Arrow
31:46 Leather Archer Armor
31:52 Chain Barding Armor
32:39 Murder Holes
33:00 Capped Ram
33:43 Steppe Husbandry
Connection lost

Rejoining the realm…

Still unreachable

The connection could not be restored.

Session expired

The server has moved on; the page needs a fresh start.